Map: Ever Dream LE

Players

Hugos - Winner!

  • Race: Zerg Zerg
  • League: Platinum
  • Spawn Location: 7:00

Honte

  • Race: Zerg Zerg
  • League: Platinum
  • Spawn Location: 1:00

VOD

Have the link to the VOD?

Description

ZvZ Platinum Ling All-In I keep losing to

Time

  • Played on: June 2, 2020, 10:45 a.m.
  • Length: 4:45
Show
View Real Time Build Order
Export as new Build Order

Hugos Zerg - Winner!

Build Orders: Hatch First 

Get SALT Encoding   

  12  0:01  Drone  
  13  0:08  Drone  
  14  0:35  Hatchery  
  13  0:37  Drone  
  14  0:55  Spawning Pool  
  13  1:01  Overlord  
  13  1:05  Drone  
  14  1:12  Drone, Extractor  
  14  1:21  Drone  
  14  1:24  Drone  
  16  1:34  Drone  
  17  1:42  Queen  
  19  1:48  Queen  
  19  1:52  Drone  
  22  1:57  Drone  
  23  2:04  Zergling x2  
  24  2:16  Metabolic Boost  
  24  2:24  Zergling x2  
  25  2:34  Evolution Chamber  
  24  2:38  Overlord  
  24  2:39  Overlord  
  24  2:42  Drone  
  25  2:44  Zergling x6  
  28  2:56  Overlord  
  28  3:00  Zergling x4  
  28  3:01  Zergling x2  
  28  3:04  Zergling x2  
  32  3:13  Zergling x2  
  32  3:17  Zergling x2  
  34  3:22  Drone x2  
  36  3:27  Zergling x2  
  36  3:30  Zergling x2  
  38  3:38  Zergling x4  
  38  3:39  Zergling x2  
  41  3:41  Zergling x2  
  42  4:12  Zergling x6  
  42  4:13  Zergling x12  
Show
View Real Time Build Order
Export as new Build Order

Honte Zerg 

Build Orders: Hatch First 

Get SALT Encoding   

  12  0:01  Drone  
  13  0:09  Drone  
  14  0:23  Overlord  
  14  0:42  Hatchery  
  13  0:45  Drone  
  13  0:49  Drone  
  15  0:53  Drone  
  16  0:58  Drone  
  16  1:04  Extractor  
  16  1:07  Drone  
  17  1:22  Drone, Spawning Pool  
  17  1:29  Drone  
  18  1:40  Drone  
  19  1:55  Drone x2  
  21  2:02  Drone  
  21  2:06  Drone  
  23  2:08  Queen  
  23  2:09  Queen  
  23  2:12  Drone  
  28  2:17  Overlord  
  28  2:38  Hatchery  
  28  2:43  Drone x4  
  31  2:52  Drone  
  31  2:53  Roach Warren  
  31  2:56  Drone x2  
  33  3:01  Extractor  
  32  3:07  Queen  
  32  3:11  Drone x2  
  36  3:13  Overlord  
  36  3:23  Overlord x2  
  36  3:32  Drone x4  
  40  3:46  Evolution Chamber  
  39  3:53  Roach  
  39  3:54  Roach x5  
  49  4:00  Roach  
  47  4:06  Roach x3  
  26  4:28  Zergling x2  
Tags
 
Add a new tag
Caveats
  • Supply blocks, unpowered buildings, or Contaminate may cause inaccurate times.
  • Supply counts are checked every 10 seconds.